 Dungeon Crawl Stone Soup version 0.9.0-15-g1b13fe2 character file.

1665020 Croases the Polluter (level 27, 223/223 HPs)
             Began as a Demonspawn Venom Mage on Aug 24, 2011.
             Was the Champion of Vehumet.
             Escaped with the Orb
             ... and 4 runes on Aug 25, 2011!
             The game lasted 08:03:42 (140629 turns).

Croases the Polluter (Demonspawn Venom Mage)      Turns: 140629, Time: 08:03:42

HP 223/223       AC 10     Str 16      XL: 27
MP  38/46        EV 31     Int 25      God: Vehumet [******]
Gold 5420        SH 31     Dex 22      Spells: 14 memorised,  6 levels left

Res.Fire  : + + +   See Invis. : +   y - staff of poison
Res.Cold  : + + +   Warding    : . . P - +2 robe {Archmagi}
Life Prot.: + + +   Conserve   : .   i - +1 shield {rC+ rF+}
Res.Acid. : + + .   Res.Corr.  : .   Q - +0 mask of the Dragon {MR Acc+2 Dam+2 SInv
Res.Poison: +       Clarity    : .   X - +0 cloak of Starlight {rElec rC+ EV+4 Stlt Res.Elec. : + Spirit.Shd : . n - +2 pair of orc gauntlets {Str+3}
Sust.Abil.: . .     Stasis     : .   (boots unavailable)
Res.Mut.  : .       Ctrl.Telep.: x   E - amulet "Scheun" {Faith rF++ rC+}
Res.Rott. : .       Levitation : .   h - ring of the Ancient Curses {Hunger- rF+ In Saprovore : . . . Ctrl.Flight: . F - +5 ring of intelligence

@: incredibly resistant to hostile enchantments, fairly stealthy
A: hooves 3, deformed body 1, demonic guardian 3, magic resistance 3, life
protection 3, AC +3
a: Renounce Religion
}: 4/15 runes: serpentine, barnacled, slimy, silver


You escaped.
You worshipped Vehumet.
Vehumet was exalted by your worship.
You were not hungry.

You visited 13 branches of the dungeon, and saw 84 of its levels.
You visited 1 bazaar.
You visited 3 portal chambers: sewer, bailey, spiders nest.

You collected 10781 gold pieces.
You spent 5381 gold pieces at shops.

Inventory:

Hand weapons
 A - the +6,+3 spiked flail of Xonguoc {venom, Dex+2 Int+3}
   (You found it on level 27 of the Dungeon)

   It poisons the flesh of those it strikes.
   It affects your intelligence (+3).
   It affects your dexterity (+2).
Armour
 i - a +1 shield of resistance (worn)
 n - a +2 pair of orcish gauntlets of strength (worn)
 P - a +2 robe of the Archmagi (worn)
 Q - the +0 mask of the Dragon (worn) {MR Acc+2 Dam+2 SInv}
   (You found it on level 8 of the Vaults)

   It affects your accuracy (+2).
   It affects your damage-dealing abilities (+2).
   It increases your resistance to enchantments.
   It enhances your eyesight.
 X - the +0 cloak of Starlight (worn) {rElec rC+ EV+4 Stlth--}
   (You found it on level 8 of the Lair of Beasts)

   It affects your evasion (+4).
   It protects you from cold.
   It insulates you from electricity.
   It makes you much less stealthy.
   A cloak woven of pure light beams.
Magical devices
 j - a wand of teleportation (6)
 o - a wand of teleportation (10)
 r - a wand of digging (7)
 s - a wand of healing (8)
 v - a wand of teleportation (4)
 G - a wand of teleportation (4)
 H - a wand of cold (9)
 I - a wand of fireball (10)
 M - a wand of teleportation (3)
 R - a wand of enslavement (8)
 Y - a wand of healing (6)
Comestibles
 p - an apple
 u - 3 honeycombs
 x - a choko
Scrolls
 c - 3 scrolls of teleportation
 d - 2 scrolls of blinking
 g - a scroll of fog
 t - a scroll of detect curse
 U - 2 scrolls of identify
Jewellery
 a - the amulet of Cekugob {Ward -TELE Hunger rElec rPois rN+ AC+1 EV+1}
   (You bought it in a shop on level 4 of the Orcish Mines)

   [amulet of warding]

   It affects your AC (+1).
   It affects your evasion (+1).
   It insulates you from electricity.
   It protects you from poison.
   It protects you from negative energy.
   It prevents most forms of teleportation.
   It speeds your metabolism.
 f - the ring of Xom's Bemusement {rPois Int+3}
   (You found it on level 6 of the Pits of Slime)

   [ring of poison resistance]

   It affects your intelligence (+3).
 h - the ring of the Ancient Curses (right hand) {Hunger- rF+ Int+3}
   (You found it on level 6 of the Pits of Slime)

   [ring of sustenance]

   It affects your intelligence (+3).
   It protects you from fire.
 l - an uncursed amulet of resist mutation
 m - an uncursed amulet of rage
 B - an uncursed amulet of conservation
 E - the amulet "Scheun" (around neck) {Faith rF++ rC+}
   (You found it on level 6 of the Pits of Slime)

   [amulet of faith]

   It greatly protects you from fire.
   It protects you from cold.
 F - a +5 ring of intelligence (left hand)
 N - the ring of Pnycle Wese {Hunger- Str+3 Int+3}
   (You found it on level 5 of the Elven Halls)

   [ring of sustenance]

   It affects your strength (+3).
   It affects your intelligence (+3).
 W - the ring of Starshine {Hunger- +Inv +Lev rElec Acc+3 SInv}
   (You found it on level 8 of the Vaults)

   [ring of sustenance]

   It affects your accuracy (+3).
   It insulates you from electricity.
   It enhances your eyesight.
   It lets you turn invisible.
   It lets you levitate.
Potions
 e - 2 potions of healing
 w - a potion of restore abilities
 C - a potion of might
 J - 4 potions of brilliance
 V - 6 potions of heal wounds
Books
 k - a manual of Shields
 q - a book of Conjurations {god gift}

   Spells                             Type                      Level
   Magic Dart                         Conjuration                  1
   Throw Frost                        Conjuration/Ice              2
   *Mephitic Cloud                    Conjuration/Poison/Air       3
   Lightning Bolt                     Conjuration/Air              5
   Bolt of Cold                       Conjuration/Ice              6
   Freezing Cloud                     Conjuration/Ice/Air          6
 z - a Grand Grimoire WARNING: If you fail in an attempt to memorise a spell from this book, the book will lash out at you.

   Spells                             Type                      Level
   Demonic Horde                      Summoning                    6
   Haunt                              Necromancy/Summoning         7
   Summon Greater Demon               Summoning                    7
   Malign Gateway                     Summoning/Translocation      7
   Summon Horrible Things             Summoning                    8
Magical staves
 y - a staff of poison (weapon)
 K - a staff of energy
 O - a +6 rod of demonology (13/13)
   (You found it in a spider's nest)
Orbs of Power
 b - the Orb of Zot


   Skills:
 + Level 20 Fighting
 - Level 1 Maces & Flails
 - Level 4 Staves
 + Level 4 Armour
 + Level 15 Dodging
 - Level 2 Stealth
 - Level 1 Stabbing
 + Level 17 Shields
 - Level 1 Traps & Doors
 - Level 1 Unarmed Combat
 + Level 20 Spellcasting
 + Level 20 Conjurations
 - Level 12 Charms
 - Level 7 Summonings
 - Level 2 Translocations
 + Level 9 Fire Magic
 - Level 7 Air Magic
 + Level 20 Poison Magic
 - Level 1 Evocations


You had 6 spell levels left.
You knew the following spells:

 Your Spells              Type           Power        Success   Level  Hunger
a - Sting                 Pois/Conj      #####        Perfect     1    None
b - Mephitic Cloud        Pois/Air/Conj  #########.   Perfect     3    None
c - Iskenderun's Mystic   Conj           #########    Perfect     4    None
d - Blink                 Tloc           N/A          Excellent   2    None
e - Poisonous Cloud       Pois/Air/Conj  #########.   Excellent   5    None
f - Poison Arrow          Pois/Conj      #########.   Excellent   6    Choko
g - Deflect Missiles      Air/Chrm       ########..   Great       6    Choko
h - Shadow Creatures      Summ           N/A          Excellent   5    None
i - Abjuration            Summ           #######...   Excellent   3    None
j - Orb of Destruction    Conj           #########.   Excellent   7    Honeycomb
k - Flight                Air/Chrm       ########..   Excellent   4    None
l - Swiftness             Air/Chrm       ########..   Excellent   2    None
m - Haste                 Chrm           ########.    Excellent   6    Choko
n - Bolt of Fire          Fire/Conj      ########..   Excellent   6    Choko

Dungeon Overview and Level Annotations

Branches:
Dungeon (27/27)            Temple (1/1) D:4             Orc (4/4) D:11
    Elf (5/5) Orc:3          Lair (8/8) D:9          Shoals (5/5) Lair:5
  Slime (6/6) Lair:6        Snake (5/5) Lair:5         Hive (2/2) D:15
  Vault (8/8) D:16          Blade (0/1) Vault:4       Crypt (0/5) Vault:3
    Dis (0/7) Hell            Coc (7/7) Hell            Zot (5/5) D:27
    Geh: Hell:1         Tar: Hell:1

Altars:
Ashenzari
Cheibriados
Elyvilon
Fedhas
Kikubaaqudgha
Makhleb
Nemelex Xobeh
Okawaru
Sif Muna
The Shining One
Trog
Vehumet
Xom
Yredelemnul
Zin
Jiyva
Lugonu

Shops:
D:7: * D:11: [( D:13: [ D:15: ! D:16: !( D:24: ( D:25: * D:27: ( Orc:4: =/**/ Elf:3: * Elf:4: *[ Snake:2: ! Snake:4: **[* Vault:8: [

Portals:
Hell: D:21 D:22 D:23 D:24 D:25 D:26 D:27 Coc:1 Coc:2 Coc:3* Coc:4 Coc:5 Coc:6 Coc:7**
Abyss: D:21 D:24 D:25 Elf:5
Pan: D:22 D:24
Ziggurat: D:15 (3930 gp)


Innate Abilities, Weirdness & Mutations

You have hooves in place of feet.
You are completely covered in yellow scales (AC +3, rAcid++).
A powerful demonic guardian rushes to your aid.
You are extremely resistant to the effects of hostile enchantments.
You are immune to negative energy.
Armour fits poorly on your unusually shaped body.


Message History

Move the cursor to view the level map, or type ? for a list of commands.
Returning to the game...
You see here a throwing net.
There is an open door here.
An ice devil comes into view.
There is a stone staircase leading up here.
You climb upwards.
You sense a powerful magical force warping space.
There is a stone staircase leading down here.
Move the cursor to view the level map, or type ? for a list of commands.
Returning to the game...
There is a stone staircase leading up here.
You climb upwards.
You sense a powerful magical force warping space.
There is a stone staircase leading down here.
Move the cursor to view the level map, or type ? for a list of commands.
Returning to the game...
There is a staircase leading out of the dungeon here.
Are you sure you want to win?
You have escaped!

##########.######
##.............##
##.............##
##..###)#####..##
##..#......<#..##
##.(#.......#....
##..........#..##
##..#.......#..##
##..#...@...#..##
##..#..........##
....#.......#..##
##..#<......#..##
#..#####.###..##
#.............##
#.............##
#####.##########
#.##########


There were no monsters in sight!

Vanquished Creatures
  the royal jelly (Slime:6)
  2 curse toes
  A Killer Klown (Zot:3)
  2 pandemonium lords
  Geryon (Hell)
  6 golden dragons
  4 electric golems
  Xtahua (Vault:5)
  Frederick (Vault:6)
  A hellephant (Hell)
  19 Orb Guardians (Zot:5)
  Nikola (Elf:3)
  A deep elf blademaster (Elf:5)
  3 liches
  6 shadow dragons
  3 ghost moths
  Kirke (D:15)
  13 storm dragons
  A sphinx (D:25)
  Rupert (D:15)
  Agnes (D:15)
  6 Ice Fiends
  20 acid blobs
  Roxanne (D:14)
  3 draconian monks
  Aizul (Elf:2)
  2 frost giants (Vault:7)
  Donald (Shoals:4)
  4 bone dragons
  A quicksilver dragon zombie (D:26)
  Wiglaf (Shoals:5)
  Ilsuiw (Shoals:5)
  A ghoul (D:25)
  Louise (Elf:3)
  7 draconian scorchers
  6 draconian knights
  5 draconian zealots
  9 azure jellies
  Maud (D:16)
  5 draconian annihilators
  2 Angels (D:27)
  10 draconian shifters
  9 tentacled monstrosities
  2 fire giants
  48 stone giants
  2 draconian callers
  6 grey draconians
  The ghost of urish the Convoker, a powerful DsSu of Sif Muna (Shoals:2)
  8 green draconians
  5 greater nagas (Snake:5)
  10 yellow draconians
  5 black draconians (Zot:3)
  9 deep elf annihilators (Elf:5)
  Jozef (Lair:3)
  6 deep elf death magi
  3 red draconians
  5 white draconians
  9 pale draconians
  7 purple draconians
  6 mottled draconians
  13 deep elf sorcerers (Elf:5)
  28 vault guards
  A deep elf master archer (Elf:5)
  17 ettins
  48 yaktaur captains
  Snorg (D:14)
  4 dire elephants (Lair:8)
  7 dragons
  A siren (shapeshifter) (D:16)
  6 great orbs of eyes
  Josephine (D:11)
  9 ice dragons
  A golden dragon zombie (D:26)
  8 death cobs
  Erica (D:16)
  9 death oozes
  9 hydras
  3 merfolk aquamancers
  Polyphemus (Shoals:2)
  6 anacondas
  6 merfolk javelineers (Shoals:5)
  Nessos (D:11)
  12 ogre magi
  3 deep elf demonologists (Elf:5)
  A sphinx zombie (Vault:5)
  A rakshasa (Vault:3)
  A frost giant zombie (D:21)
  A merfolk impaler (Shoals:5)
  A fire giant zombie (D:22)
  A shadow dragon skeleton (D:26)
  8 deep elf high priests (Elf:5)
  10 death yaks
  Nergalle (Elf:3)
  22 deep trolls
  4 stone giant zombies
  2 sphinx skeletons
  26 centaur warriors
  4 sun demons (Hell)
  5 very ugly things
  2 emperor scorpions (Port)
  Erolcha (D:11)
  8 stone giant skeletons
  4 orc high priests (Orc:4)
  10 soul eaters
  5 iron trolls
  8 hell knights (D:26)
  12 unseen horrors
  A fire giant skeleton (Vault:7)
  28 deep elf knights
  4 frost giant skeletons
  12 skeletal warriors
  5 sea snakes
  A large large abomination (D:10)
  A pale draconian zombie (Coc:4)
  2 giant orange brains
  A white draconian zombie (Coc:1)
  8 naga warriors (Snake:5)
  13 ice devils
  An unseen horror (shapeshifter) (D:16)
  A sea snake zombie (Coc:6)
  A yellow draconian zombie (Zot:3)
  2 iron troll zombies
  7 flayed ghosts
  23 orc knights
  A harpy (shapeshifter) (D:22)
  A hydra zombie (D:27)
  6 orc sorcerers
  5 oklob plants
  Urug (D:16)
  17 hill giants
  2 guardian serpents
  12 harpies
  3 griffons
  A sea snake skeleton (Coc:1)
  A statue (D:27)
  3 iron troll skeletons
  17 giant amoebae
  A necromancer (Hell)
  2 red wasps
  3 weapon mimics
  5 spiny worms
  A cyclops (shapeshifter) (Vault:8)
  A hydra skeleton (Hell)
  22 moths of wrath
  4 phantasmal warriors
  Maurice (D:9)
  A trapdoor spider zombie (Hell)
  8 cyclopes
  12 elephants
  2 Lorocyprocas
  7 trapdoor spiders
  6 ice dragon zombies
  6 reapers
  6 shining eyes
  16 stone golems (Elf:5)
  6 wolf spiders
  2 slime creatures (shapeshifter)
  An ettin zombie (D:22)
  4 eyes of devastation
  An elephant (shapeshifter) (Elf:4)
  A fire crab (shapeshifter) (Vault:8)
  A queen ant (shapeshifter) (D:27)
  119 slime creatures
  4 tormentors
  89 yaktaurs
  An elf skeleton (Elf:5)
  5 ice dragon skeletons
  2 spiny worm zombies
  10 spiny frogs
  11 rock trolls
  4 elf zombies (Elf:5)
  An orange demon (Port)
  An efreet (D:17)
  25 naga magi
  A guardian mummy (D:26)
  2 hill giant zombies
  20 black mambas
  2 hill giant skeletons
  5 komodo dragons
  8 mermaids
  114 ugly things
  2 iron devils
  2 trolls (shapeshifter)
  Sonja (D:12)
  16 trolls
  2 deep troll zombies
  A spriggan (shapeshifter) (Vault:8)
  Prince Ribbit (D:5)
  A queen bee (Hive:2)
  8 redbacks
  21 two-headed ogres
  A redback (shapeshifter) (D:20)
  2 smoke demons
  A rock troll zombie (D:16)
  A polar bear (shapeshifter) (D:19)
  17 snapping turtles
  A polar bear (Lair:7)
  17 blink frogs
  A hydra simulacrum (Vault:4)
  A two-headed ogre (shapeshifter) (D:19)
  14 giant toads
  A deep troll skeleton (Vault:8)
  2 rock troll skeletons
  5 bumblebees (D:26)
  2 demonic crawlers
  9 brown oozes
  3 blue devils
  16 deep elf conjurers
  9 basilisks
  5 vampires
  A merfolk skeleton (Coc:1)
  A metal gargoyle (D:18)
  36 merfolk
  8 wraiths
  2 blink frog skeletons (Vault:3)
  A hog (D:15)
  4 fire drakes
  5 sharks
  A merfolk (shapeshifter) (Vault:8)
  10 golden eyes (Slime:6)
  80 yaks
  A viper skeleton (Coc:3)
  15 deep elf summoners
  3 rock worms
  25 deep elf fighters
  56 centaurs
  5 soldier ants
  A water elemental (Coc:7)
  17 manticores
  A hog skeleton (Coc:1)
  A fire elemental (D:14)
  2 vipers
  A cyclops zombie (Vault:1)
  28 vampire mosquitoes
  14 war dogs
  19 hippogriffs
  17 hell hounds
  3 necrophages
  3 yaktaur zombies
  4 hungry ghosts
  2 manticores (shapeshifter)
  A yaktaur skeleton (D:17)
  7 deep elf priests
  2 mottled dragons
  Purgy (D:4)
  21 freezing wraiths
  8 gargoyles (D:18)
  11 ice beasts
  3 jumping spiders (Port)
  A giant goldfish zombie (Coc:2)
  3 phantoms
  2 troll zombies
  6 insubstantial wisps
  11 giant goldfish
  5 sky beasts
  A yellow wasp (D:8)
  A cyclops skeleton (Vault:3)
  2 red devils
  67 orc warriors
  56 ogres
  4 boring beetles
  Duvessa (D:5)
  11 crocodiles
  53 nagas
  A war dog zombie (Coc:4)
  2 small abominations
  2 boring beetle zombies
  14 giant slugs
  9 big kobolds
  9 tarantellas (Port)
  7 wargs
  12 giant frogs
  11 agate snails
  A wolf (Lair:4)
  A yellow wasp zombie (D:6)
  21 deep elf magi
  A warg zombie (Coc:2)
  33 water moccasins
  2 water moccasin skeletons
  3 basilisk skeletons (Vault:3)
  27 electric eels
  4 eyes of draining
  A killer bee zombie (D:10)
  A lava fish (Hell)
  A brain worm zombie (D:11)
  A giant goldfish simulacrum (Coc:2)
  17 jellyfish
  127 killer bees
  9 wights
  2 lava snakes (Hell)
  10 boulder beetles
  3 goliath beetles
  A mottled dragon zombie (D:14)
  An ogre zombie (Coc:3)
  A mottled dragon skeleton (D:27)
  Dowan (D:5)
  4 big kobold skeletons
  A quasit (D:13)
  An iron imp (Elf:1)
  38 orc priests
  8 shadows
  18 big fish
  10 imps
  11 hounds
  21 scorpions
  A hound skeleton (D:4)
  8 worker ants
  5 iguanas
  6 porcupines
  A scorpion (shapeshifter) (Vault:3)
  37 orc wizards
  8 orange rats
  A big kobold simulacrum (D:22)
  39 deep elf soldiers
  2 elves (shapeshifter)
  3 worker ant zombies
  An orange rat skeleton (Hell)
  3 orc zombies
  28 sheep
  9 boggarts
  17 jellies
  3 goliath beetle zombies
  Terence (D:3)
  7 mummies
  8 gnolls
  2 iguana skeletons
  A lemure (D:5)
  43 snakes
  17 flying skulls
  3 giant mites
  A snake zombie (D:6)
  22 giant centipedes
  2 snake skeletons
  19 green rats
  8 white imps
  3 ufetubi (Elf:5)
  11 worms
  3 grey rats
  2 bat skeletons
  5 giant eyeballs
  2 gnoll skeletons
  8 giant geckos
  4 oozes
  An orc (shapeshifter) (D:26)
  224 orcs
  9 giant cockroaches
  31 hobgoblins
  34 jackals
  9 quokkas
  4 small snakes
  An ant larva zombie (Coc:2)
  34 bats
  5 giant newts
  A giant newt skeleton (Vault:3)
  2 giant spores
  23 goblins
  A goblin skeleton (Vault:3)
  A hobgoblin zombie (D:20)
  A jackal skeleton (Coc:2)
  A jackal zombie (D:26)
  10 killer bee larvae
  55 kobolds
  An orc skeleton (D:6)
  3 quokka skeletons
  29 rats
  5 ballistomycetes
  2 fungi
  11 plants
  178 toadstools
3635 creatures vanquished.

Vanquished Creatures (collateral kills)
  5 orbs of fire (Zot:5)
  An ancient lich (Zot:5)
  A greater mummy (D:26)
  Boris (D:27)
  A Killer Klown (Zot:5)
  An electric golem (Zot:5)
  An Orb Guardian (Zot:5)
  2 shadow dragons
  4 acid blobs (Slime:6)
  A ghost moth (Zot:5)
  Frances (D:18)
  A draconian monk (Zot:5)
  2 frost giants
  An orc warlord (Vault:8)
  A stone giant (Vault:8)
  4 azure jellies (Slime:6)
  A grey draconian (Zot:5)
  A green draconian (Zot:2)
  A deep elf death mage (Elf:5)
  A white draconian (Zot:3)
  Azrael (D:14)
  A purple draconian (Zot:3)
  A deep elf sorcerer (Elf:5)
  A pale draconian (Zot:3)
  4 vault guards
  A storm dragon zombie (D:26)
  4 yaktaur captains
  A great orb of eyes (Slime:6)
  5 hydras
  A death ooze (Slime:6)
  2 merfolk aquamancers (Shoals:5)
  2 merfolk javelineers (Shoals:5)
  5 death yaks (Lair:8)
  A frost giant zombie (D:26)
  A deep troll (D:23)
  A fire giant zombie (D:26)
  4 stone giant zombies
  6 stone giant skeletons (Vault:8)
  A centaur warrior (D:25)
  An emperor scorpion (Port)
  A deep elf knight (D:22)
  3 giant amoebae
  An orc knight (Port)
  2 flayed ghosts
  Pikel (D:5)
  An oklob plant (Shoals:5)
  A griffon (D:21)
  A phantasmal warrior (Vault:8)
  A moth of wrath (Zot:1)
  A cyclops (Vault:3)
  A spiny frog (Lair:8)
  6 yaktaurs
  A hellwing (D:15)
  2 rock trolls
  5 slime creatures (D:21)
  2 guardian mummies (D:26)
  A redback (Port)
  A troll (D:12)
  2 smoke demons
  2 ugly things (D:18)
  2 hogs (D:15)
  Eustachio (D:5)
  A hungry ghost (D:26)
  Menkaure (D:7)
  2 necrophages
  2 slaves (D:5)
  A hell hound (D:14)
  A human (D:15)
  An orc warrior (Port)
  2 swamp drakes (Zot:2)
  A centaur (D:25)
  3 ogres
  2 nagas (Snake:5)
  4 big kobolds
  A boulder beetle (Lair:8)
  A quasit (D:10)
  2 orc wizards
  A scorpion (D:23)
  A deep elf soldier (Elf:5)
  A porcupine (Lair:3)
  A mummy (D:26)
  A midge (Zot:5)
  2 snakes
  3 orcs
  A bat (Shoals:5)
  3 kobolds
  A rat (D:5)
  A small snake (D:7)
  A toadstool (Vault:8)
157 creatures vanquished.

Vanquished Creatures (others)
  A storm dragon (Zot:5)
  An eldritch tentacle (Coc:1)
  A frost giant (D:26)
  7 Balrugs
  A draconian knight (Zot:5)
  5 Executioners
  A tentacled monstrosity (Zot:5)
  A stone giant (Vault:8)
  3 black draconians (Zot:5)
  2 purple draconians (Zot:5)
  A green draconian (Zot:5)
  A yellow draconian (Zot:5)
  3 ice dragons (Zot:5)
  A dragon (Zot:5)
  A great orb of eyes (Vault:8)
  3 death cobs (Zot:5)
  2 harpies (Vault:8)
  A hydra (D:24)
  A stone giant skeleton (Vault:5)
  A deep troll (Vault:8)
  6 sun demons
  2 skeletal warriors (D:18)
  2 dancing weapons
  7 soul eaters
  2 deep elf knights (Elf:5)
  5 ice devils
  An unseen horror (Vault:2)
  A purple draconian skeleton (Coc:6)
  A guardian serpent (Zot:5)
  4 moths of wrath (Zot:5)
  A hellion (Port)
  A black mamba (Snake:5)
  A reaper (Coc:1)
  2 yaktaurs (Vault:8)
  A spiny frog (Lair:3)
  A hellwing (Zot:5)
  An orange demon (Port)
  2 elf zombies (Elf:5)
  40 slime creatures
  A brown ooze (Slime:2)
  2 smoke demons (Lair:2)
  2 elf skeletons (Elf:5)
  3 ugly things
  A deep elf fighter (Elf:5)
  A ynoxinul (Zot:5)
  A deep elf priest (Elf:5)
  14 insubstantial wisps
  3 orc warriors
  2 kobold demonologists (D:21)
  2 slaves (D:5)
  A red devil (Snake:5)
  An ogre (Vault:6)
  A rotting devil (Zot:5)
  A deep elf mage (Elf:5)
  A warg (D:26)
  A small abomination (Zot:5)
  A boring beetle zombie (D:22)
  A water moccasin (Snake:4)
  A big kobold (D:21)
  2 giant frogs
  A human (D:15)
  A wight (D:18)
  An imp (Zot:5)
  4 scorpions
  An orc priest (D:26)
  3 sheep (Vault:2)
  2 deep elf soldiers (Elf:4)
  2 snakes
  An iguana zombie (D:5)
  16 orcs
  A bat (D:22)
  A goblin (D:5)
  3 hobgoblins
  A jackal (Lair:2)
  2 giant newts
  A hobgoblin zombie (D:11)
  A killer bee larva (Hive:2)
  4 kobolds
  A small snake (D:24)
  79 eldritch tentacle segments (Coc:1)
  4 fungi
  3 plants
  755 toadstools
1050 creatures vanquished.

Grand Total: 4842 creatures vanquished

Notes
Turn   | Place    | Note
--------------------------------------------------------------
     0 | D:1      | Croases, the Demonspawn Venom Mage, began the quest for the Orb.
     0 | D:1      | Reached XP level 1. HP: 13/13 MP: 3/3
   228 | D:1      | Gained mutation: A weak demonic guardian rushes to your aid.
   228 | D:1      | Reached XP level 2. HP: 19/19 MP: 4/4
   360 | D:1      | Reached skill level 5 in Poison Magic
   435 | D:1      | Reached skill level 1 in Conjurations
  1592 | D:3      | Gained mutation: A demonic guardian rushes to your aid.
  1592 | D:3      | Reached XP level 3. HP: 20/24 MP: 0/6
  1842 | D:3      | Found a burning altar of Makhleb.
  1844 | D:3      | Noticed Terence
  1866 | D:3      | Defeated Terence
  2743 | D:4      | Noticed Purgy
  2778 | D:4      | Reached XP level 4. HP: 30/30 MP: 5/8
  2885 | D:4      | Defeated Purgy
  2885 | D:4      | Reached skill level 1 in Unarmed Combat
  2885 | D:4      | Reached XP level 5. HP: 35/35 MP: 5/9
  3570 | D:4      | Found a staircase to the Ecumenical Temple.
  3607 | Temple   | Entered the Ecumenical Temple
  3726 | Temple   | Became a worshipper of Vehumet
  3778 | D:4      | Reached skill level 1 in Fighting
  3778 | D:4      | Reached XP level 6. HP: 41/41 MP: 2/12
  4114 | D:5      | Entered Level 5 of the Dungeon
  4298 | D:5      | Reached skill level 1 in Staves
  4353 | D:5      | Found a glowing drain. 4403
                  | sewer
                  | Entered the sewers 4489
                  | sewer
                  | Reached skill level 6 in Poison Magic 4489
                  | sewer
                  | Gained mutation: You are resistant to hostile enchantments. 4489
                  | sewer
                  | Reached XP level 7. HP: 38/47 MP: 4/16 4506
                  | sewer
                  | Found a white marble altar of Elyvilon.
  4665 | D:5      | Noticed Pikel
  4709 | D:5      | Defeated Pikel
  4709 | D:5      | Reached skill level 1 in Traps & Doors
  4759 | D:5      | Your ally freed slave died
  4808 | D:5      | Acquired Vehumet's first power
  4960 | D:5      | Reached XP level 8. HP: 44/55 MP: 9/18
  5035 | D:5      | Noticed Prince Ribbit
  5045 | D:5      | Defeated Prince Ribbit
  5220 | D:5      | Noticed Duvessa
  5220 | D:5      | Noticed Dowan
  5240 | D:5      | Defeated Duvessa
  5259 | D:5      | Gained mutation: Your vision is a little blurry.
  5261 | D:5      | Gained mutation: You are weak (Str -1).
  5264 | D:5      | Defeated Dowan
  5271 | D:5      | Gained mutation: You are agile (Dex +1).
  5273 | D:5      | Lost mutation: You are weak (Str -1).
  5401 | D:5      | Your ally freed slave died
  5620 | D:5      | Noticed Eustachio
  5629 | D:5      | Defeated Eustachio
  5629 | D:5      | Reached skill level 5 in Spellcasting
  5629 | D:5      | Reached skill level 7 in Poison Magic
  5975 | D:6      | Reached skill level 1 in Maces & Flails
  5975 | D:6      | Reached skill level 5 in Conjurations
  6018 | D:6      | Found a shimmering altar of Xom.
  6853 | D:6      | Acquired Vehumet's second power
  7390 | D:6      | Noticed a big kobold
  7390 | D:6      | Noticed a big kobold
  7390 | D:6      | Noticed a big kobold
  7390 | D:6      | Noticed a big kobold
  7390 | D:6      | Noticed a big kobold
  7390 | D:6      | Noticed a big kobold
  7390 | D:6      | Noticed a big kobold
  7398 | D:6      | Defeated a big kobold
  7398 | D:6      | Gained mutation: You have large cloven feet.
  7398 | D:6      | Reached XP level 9. HP: 61/61 MP: 14/20
  7403 | D:6      | Defeated a big kobold
  7404 | D:6      | Defeated a big kobold
  7408 | D:6      | Defeated a big kobold
  7413 | D:6      | Defeated a big kobold
  7424 | D:6      | Defeated a big kobold
  7438 | D:6      | Defeated a big kobold
  7793 | D:7      | Reached skill level 5 in Fighting
  8003 | D:7      | Found Twanais' Assorted Antiques.
  8008 | D:7      | Bought a scroll labeled IWKOIM STRAGH for 25 gold pieces
  8008 | D:7      | Bought a scroll labeled RAMYFF YNUE for 25 gold pieces
  8008 | D:7      | Bought 2 scrolls labeled IROXZU SHUL for 50 gold pieces
  8053 | D:7      | Found a basalt altar of Yredelemnul.
  8099 | D:7      | Acquired Vehumet's third power
  8490 | D:7      | Noticed Menkaure
  8504 | D:7      | Defeated Menkaure
  8887 | D:8      | Found a snail-covered altar of Cheibriados.
  8942 | D:8      | Reached skill level 8 in Poison Magic
  9099 | D:8      | Reached skill level 1 in Evocations
  9678 | D:8      | Gained mutation: You are highly resistant to hostile enchantments.
  9678 | D:8      | Gained mutation: You have hoof-like feet.
  9678 | D:8      | Reached XP level 10. HP: 68/70 MP: 22/22
  9785 | D:9      | Found a flagged portal.
  9794 | D:9      | Learned a level 3 spell: Mephitic Cloud 9800
                  | bailey
                  | Entered the bailey 10294
                  | bailey
                  | Learned a level 5 spell: Venom Bolt 10632
                  | bailey
                  | Reached skill level 9 in Poison Magic
 11527 | D:9      | Found a staircase to the Lair.
 11530 | D:9      | Noticed an agate snail
 11549 | D:9      | Reached skill level 1 in Air Magic
 11637 | D:9      | Defeated an agate snail
 11815 | D:9      | Noticed Maurice
 11822 | D:9      | Defeated Maurice
 11822 | D:9      | Acquired Vehumet's fourth power
 12073 | D:9      | Reached skill level 1 in Stabbing
 12256 | D:10     | Entered Level 10 of the Dungeon
 12296 | D:10     | Paralysed by a giant eyeball for 3 turns
 12550 | D:10     | Learned a level 2 spell: Blink
 13179 | Lair:1   | Entered Level 1 of the Lair of Beasts
 13771 | Lair:1   | Lost mutation: You are agile (Dex +1).
 13771 | Lair:1   | Lost mutation: Your vision is a little blurry.
 14030 | Lair:2   | Found a crumbling entrance.
 14040 | Spider   | Entered a spider's nest
 14274 | Spider   | Reached XP level 11. HP: 77/77 MP: 22/25
 14358 | Spider   | Reached skill level 10 in Poison Magic
 15386 | Spider   | Reached skill level 10 in Conjurations
 15392 | Spider   | Reached skill level 11 in Poison Magic
 15723 | Spider   | Identified a +5 rod of demonology (11/11) (You found it in a spider's nest)
 16283 | Lair:2   | Gained mutation: A powerful demonic guardian rushes to your aid.
 16283 | Lair:2   | Reached XP level 12. HP: 77/87 MP: 1/28
 17425 | Lair:3   | Reached skill level 10 in Fighting
 17742 | Lair:3   | Noticed Jozef
 17783 | Lair:3   | Defeated Jozef
 18087 | Lair:4   | Received a gift from Vehumet
 18087 | Lair:4   | Reached skill level 10 in Spellcasting
 18179 | Lair:4   | Reached skill level 1 in Translocations
 18602 | Lair:4   | Reached skill level 12 in Poison Magic
 19738 | Lair:5   | Found a staircase to the Snake Pit.
 19826 | Lair:5   | Found a staircase to the Shoals.
 20941 | Lair:6   | Found a staircase to the Slime Pits.
 21016 | Lair:6   | Reached XP level 13. HP: 88/96 MP: 15/29
 21196 | Lair:6   | Found a glowing golden altar of the Shining One.
 21806 | Lair:7   | Identified a scroll of acquirement
 22485 | Lair:8   | Entered Level 8 of the Lair of Beasts
 22574 | Lair:8   | Reached skill level 13 in Poison Magic
 22737 | Lair:8   | Received a gift from Vehumet
 22899 | Lair:8   | Learned a level 5 spell: Poisonous Cloud
 25121 | Lair:8   | Got a phosphorescent cloak
 25125 | Lair:8   | Identified the +0 cloak of Starlight (You found it on level 8 of the Lair of Beasts)
 25182 | Lair:8   | Reached XP level 14. HP: 102/106 MP: 10/32
 25779 | D:11     | Found Wathes' Weapon Boutique.
 25781 | D:11     | Found a staircase to the Orcish Mines.
 25782 | D:11     | Found Jeang's Armour Boutique.
 25948 | D:11     | Noticed Josephine
 26027 | D:11     | Defeated Josephine
 26027 | D:11     | Reached skill level 14 in Poison Magic
 26044 | D:11     | Noticed Nessos
 26318 | D:11     | Noticed Erolcha
 26321 | D:11     | Defeated Erolcha
 26418 | D:11     | Defeated Nessos
 26771 | Orc:1    | Entered Level 1 of the Orcish Mines
 27480 | Orc:3    | Found a staircase to the Elven Halls.
 28027 | Orc:3    | Found an iron altar of Okawaru.
 28238 | Orc:4    | Entered Level 4 of the Orcish Mines
 28243 | Orc:4    | Received a gift from Vehumet
 28266 | Orc:3    | Learned a level 6 spell: Poison Arrow
 28601 | Orc:4    | Defeated an orc high priest
 28813 | Orc:4    | Found Psung's General Store.
 28813 | Orc:4    | Found Goziwin's Magical Wand Emporium.
 28813 | Orc:4    | Found Ozofruyg's General Store.
 28814 | Orc:4    | Noticed an orc high priest
 28815 | Orc:4    | Noticed an orc high priest
 28822 | Orc:4    | Defeated an orc high priest
 28823 | Orc:4    | Noticed an orc high priest
 28823 | Orc:4    | Defeated an orc high priest
 28834 | Orc:4    | Defeated an orc high priest
 28957 | Orc:4    | Found Imyedy's Magical Wand Shoppe.
 28975 | Orc:4    | Bought a wand of healing (6) for 780 gold pieces
 29473 | Orc:4    | Found Fenk's Jewellery Shoppe.
 30128 | D:12     | Noticed Sonja
 30129 | D:12     | Defeated Sonja
 30612 | D:12     | Received a gift from Vehumet
 30616 | D:12     | Learned a level 1 spell: Summon Small Mammals
 30762 | D:12     | Learned a level 4 spell: Summon Scorpions
 31237 | D:13     | Got a bloodstained buckler
 31248 | D:13     | Identified the +2 buckler "Vakux" (You acquired it on level 13 of the Dungeon)
 31282 | D:13     | Got a bloodstained helmet
 31286 | D:13     | Identified the -2 helmet of Trant (You acquired it on level 13 of the Dungeon)
 31505 | D:13     | Found Maiplel's Antique Armour Boutique.
 31820 | D:13     | Got a smoking leather armour
 31821 | D:13     | Identified the cursed -4 leather armour of Satisfaction (You found it on level 13 of the Dungeon)
 32152 | D:13     | Reached skill level 1 in Summonings
 32710 | D:14     | Noticed Azrael
 32719 | D:14     | Defeated Azrael
 32987 | D:14     | Noticed a fire elemental
 32988 | D:14     | Defeated a fire elemental
 33075 | D:14     | Learned a level 5 spell: Shadow Creatures
 33106 | D:14     | Noticed Roxanne
 33261 | D:14     | Defeated Roxanne
 33310 | D:14     | Gained mutation: You are partially covered in colourless scales (AC +1).
 33310 | D:14     | Reached XP level 15. HP: 94/114 MP: 18/34
 33507 | D:14     | Reached skill level 1 in Shields
 33509 | D:14     | Reached skill level 15 in Poison Magic
 33547 | D:14     | Noticed Snorg
 33829 | D:14     | Defeated Snorg
 34727 | D:15     | Entered Level 15 of the Dungeon
 34727 | D:15     | Noticed Kirke
 34735 | D:15     | Defeated Kirke
 34740 | D:15     | Received a gift from Vehumet
 34750 | D:15     | Learned a level 3 spell: Abjuration
 35198 | D:15     | Found a gateway to a ziggurat.
 35416 | D:15     | Noticed Agnes
 35420 | D:15     | Defeated Agnes
 35438 | D:15     | Found a staircase to the Hive.
 35472 | D:15     | Noticed Rupert
 35606 | D:16     | Noticed Erica
 35608 | D:16     | Defeated Erica
 35620 | D:16     | Noticed Urug
 35861 | D:15     | Found Kathaug's Distillery.
 35953 | D:15     | Defeated Rupert
 35962 | D:15     | You fall through a shaft!
 36042 | D:16     | Defeated Urug
 36126 | D:16     | Found Psawaaga's Weapon Emporium.
 36198 | D:16     | Found Twang's Distillery.
 36258 | D:16     | Found a staircase to the Vaults.
 36583 | D:16     | Reached skill level 5 in Summonings
 36585 | D:16     | Reached skill level 15 in Conjurations
 36820 | D:16     | Got a bloodstained hammer
 36822 | D:16     | Identified the hammer "Inamau Phou" {slay orc, rElec rC+ rN+} (You found it on level 16 of the Dungeon)
 36872 | D:16     | Noticed Maud
 36880 | D:16     | Defeated Maud
 37905 | D:17     | Received a gift from Vehumet
 38111 | D:17     | Reached XP level 16. HP: 124/124 MP: 26/35
 38133 | D:17     | Noticed Frances
 38507 | D:18     | Gained mutation: You tend to lose your temper in combat.
 39141 | D:18     | Noticed a gargoyle
 39141 | D:18     | Noticed a gargoyle
 39141 | D:18     | Noticed a gargoyle
 39141 | D:18     | Noticed a gargoyle
 39141 | D:18     | Noticed a gargoyle
 39141 | D:18     | Noticed a gargoyle
 39141 | D:18     | Noticed a gargoyle
 39141 | D:18     | Noticed a gargoyle
 39147 | D:18     | Defeated a gargoyle
 39148 | D:18     | Defeated a gargoyle
 39150 | D:18     | Defeated a gargoyle
 39152 | D:18     | Defeated a gargoyle
 39153 | D:18     | Defeated a gargoyle
 39155 | D:18     | Defeated a gargoyle
 39226 | D:18     | Defeated a gargoyle
 39228 | D:18     | Defeated a gargoyle
 39983 | D:18     | Reached skill level 15 in Fighting
 40408 | D:18     | Defeated Frances
 41067 | D:17     | Found a blossoming altar of Fedhas.
 41673 | D:17     | Reached skill level 16 in Poison Magic
 41993 | Hive:1   | Entered Level 1 of the Hive
 42159 | Hive:2   | Entered Level 2 of the Hive
 42543 | Hive:1   | Reached skill level 5 in Shields
 43321 | Hive:2   | Identified a +9 rod of venom (11/11) (You found it on level 2 of the Hive)
 44005 | D:19     | Noticed a guardian serpent
 44011 | D:19     | Defeated a guardian serpent
 45248 | D:20     | Entered Level 20 of the Dungeon
 45411 | D:20     | Gained mutation: You resist negative energy.
 45411 | D:20     | Reached XP level 17. HP: 132/132 MP: 29/36
 45947 | D:20     | Lost mutation: You tend to lose your temper in combat.
 48098 | D:22     | Found a one-way gate leading to the halls of Pandemonium.
 48238 | D:22     | Noticed a deep elf mage
 48263 | D:21     | Found a one-way gate to the infinite horrors of the Abyss.
 49989 | D:21     | Found a gateway to Hell.
 50642 | D:21     | You fall through a shaft!
 51584 | D:23     | Gained mutation: You are dopey (Int -1).
 51585 | D:23     | Gained mutation: You are frail (-10% HP).
 51595 | D:23     | Gained mutation: You are resistant to electric shocks.
 51596 | D:23     | Gained mutation: You digest meat inefficiently.
 51740 | D:20     | Lost mutation: You are frail (-10% HP).
 51740 | D:20     | Lost mutation: You digest meat inefficiently.
 51740 | D:20     | Lost mutation: You are dopey (Int -1).
 51740 | D:20     | Lost mutation: You are resistant to electric shocks.
 51822 | D:22     | Gained mutation: You have hooves in place of feet.
 51822 | D:22     | Reached XP level 18. HP: 86/140 MP: 12/37
 52373 | D:22     | Defeated a deep elf mage
 53539 | D:22     | Found a gateway to a bazaar. 53549
                  | bazaar
                  | Entered a bazaar 53549
                  | bazaar
                  | Found Frearghu's General Store. 53577
                  | bazaar
                  | Found Ivusot's Antique Armour Shop. 53597
                  | bazaar
                  | Found Plog's Antique Weapon Shop. 53620
                  | bazaar
                  | Bought a scroll of identify for 18 gold pieces 53620
                  | bazaar
                  | Bought a scroll of identify for 18 gold pieces
 54290 | D:23     | Reached skill level 17 in Poison Magic
 54593 | D:23     | Reached skill level 15 in Spellcasting
 54750 | D:23     | Found a glowing silver altar of Zin.
 55133 | D:24     | Got an ancient leather armour
 55141 | D:24     | Identified the +0 leather armour of Loss (You acquired it on level 24 of the Dungeon)
 55408 | D:25     | Entered Level 25 of the Dungeon
 56262 | D:24     | Found Siohigrut's Weapon Shoppe.
 57568 | Lair:1   | Learned a level 7 spell: Orb of Destruction
 57573 | Lair:1   | Learned a level 4 spell: Iskenderun's Mystic Blast
 59021 | D:25     | Gained mutation: You are extremely resistant to the effects of hostile enchantments.
 59021 | D:25     | Reached XP level 19. HP: 143/150 MP: 17/38
 59335 | D:25     | Found Heoblext's General Store.
 64054 | D:26     | Reached XP level 20. HP: 66/158 MP: 17/39
 64298 | D:26     | Learned a level 2 spell: Swiftness
 64321 | D:26     | Reached XP level 19. HP: 150/150 MP: 34/38
 64777 | D:27     | Entered Level 27 of the Dungeon
 64792 | D:26     | Reached skill level 18 in Poison Magic
 64792 | D:26     | Reached XP level 20. HP: 158/158 MP: 16/39
 66072 | D:27     | Noticed Boris
 66095 | D:27     | Defeated Boris
 67232 | D:27     | Found Xoloaxt's Antique Weapon Boutique.
 67239 | D:27     | Bought a steaming scimitar for 285 gold pieces
 67240 | D:27     | Identified the scimitar "Tromapa" {freeze, rC+} (You bought it in a shop on level 27 of the Dungeon)
 67500 | D:26     | Reached skill level 5 in Dodging
 67500 | D:26     | Reached skill level 10 in Shields
 68148 | Orc:4    | Bought the amulet of Cekugob {Ward -TELE Hunger rElec rPois rN+ AC+1 EV+1} for 788 gold pieces
 68239 | Elf:1    | Entered Level 1 of the Elven Halls
 69165 | Orc:4    | Bought a wand of digging (9) for 364 gold pieces
 69785 | Elf:1    | Reached skill level 1 in Charms
 70445 | Elf:2    | Noticed Aizul
 70456 | Elf:2    | Defeated Aizul
 71085 | Elf:3    | Found Theibiba's General Store.
 71094 | Elf:3    | Noticed Nergalle
 71120 | Elf:3    | Defeated Nergalle
 71347 | Elf:3    | Noticed Louise
 71366 | Elf:3    | Defeated Louise
 71366 | Elf:3    | Reached skill level 5 in Air Magic
 71937 | Elf:3    | Noticed Nikola
 71946 | Elf:3    | Defeated Nikola
 72194 | Elf:3    | You fall through a shaft!
 72194 | Elf:4    | Found Aneos' Antique Armour Shop.
 72223 | Elf:4    | Bought a faintly humming scale mail for 465 gold pieces
 72224 | Elf:4    | Identified the cursed -5 scale mail "Ewaob" (You bought it in a shop on level 4 of the Elven Halls)
 72251 | Elf:4    | Found Tyups' General Store.
 72518 | Elf:4    | Gained mutation: You are mostly covered in yellow scales (AC +2, rAcid+).
 72518 | Elf:4    | Reached XP level 21. HP: 167/167 MP: 39/39
 72956 | Elf:5    | Entered Level 5 of the Elven Halls
 73394 | Elf:5    | Reached skill level 5 in Charms
 73785 | Elf:5    | Got a smoking hand axe
 73786 | Elf:5    | Identified the hand axe of Precise Incision {antimagic, +Lev MR} (You took it off a deep elf high priest on level 5 of the Elven Halls)
 74268 | Elf:5    | Noticed a deep elf master archer
 75378 | Elf:5    | Defeated a deep elf master archer
 75454 | Elf:5    | Noticed a deep elf blademaster
 75464 | Elf:5    | Defeated a deep elf blademaster
 76682 | Elf:5    | Got an ichor-stained great sword
 76698 | Elf:5    | Got a shimmering steel ring
 76702 | Elf:5    | Got a crude quarterstaff
 76703 | Elf:5    | Identified the cursed quarterstaff of Terra Nullius {crush, rF++ rC- rN+} (You found it on level 5 of the Elven Halls)
 76745 | Elf:5    | Got a warped bone ring
 76897 | Elf:5    | Got a black book
 76898 | Elf:5    | Identified Stregimoi's Tome of Boosting Dislocation (You found it on level 5 of the Elven Halls)
 76921 | Elf:5    | Got a fine trident
 76922 | Elf:5    | Identified the trident "Skiniaw" {flame, *TELE +Blink SInv} (You found it on level 5 of the Elven Halls)
 76954 | Elf:5    | Got a torn book
 76955 | Elf:5    | Identified the Volume of Flight (You found it on level 5 of the Elven Halls)
 77025 | Elf:5    | Found a corrupted altar of Lugonu.
 77966 | Orc:3    | Identified the cursed ring of Kliu (You found it on level 5 of the Elven Halls)
 77968 | Orc:3    | Identified the ring of Pnycle Wese (You found it on level 5 of the Elven Halls)
 78104 | Lair:1   | Learned a level 6 spell: Deflect Missiles
 78200 | Snake:1  | Entered Level 1 of the Snake Pit
 78656 | Snake:1  | Reached skill level 10 in Charms
 79547 | Snake:2  | Found Jaeffuoq's Distillery.
 80231 | Snake:3  | Got a faintly glowing chain mail
 80243 | Snake:3  | Identified the +2 chain mail of the Pure Planets (You found it on level 3 of the Snake Pit)
 80628 | Snake:3  | Got an opalescent robe
 80749 | Snake:3  | You fall through a shaft!
 80949 | Snake:4  | Found Deonk's Assorted Antiques.
 80958 | Snake:4  | Bought a colourful book for 540 gold pieces
 80959 | Snake:4  | Identified the Collected Works on the Traveller (You bought it in a shop on level 4 of the Snake Pit)
 81085 | Snake:4  | Found Anatsufi's Assorted Antiques.
 81385 | Snake:4  | Found Ciodisk's Assorted Antiques.
 81432 | Snake:4  | Found Uluor's Armour Shop.
 81445 | Snake:4  | Identified the +1 robe of Eternity (You found it on level 3 of the Snake Pit)
 81462 | Snake:4  | Bought the +4 robe of Night {+Inv MR SInv Stlth++} for 672 gold pieces
 81801 | Snake:5  | Entered Level 5 of the Snake Pit
 85309 | Snake:5  | Reached XP level 22. HP: 175/175 MP: 20/40
 86410 | Snake:5  | Got a serpentine rune of Zot
 87059 | Orc:3    | Learned a level 4 spell: Flight
 87257 | Shoals:1 | Entered Level 1 of the Shoals
 88694 | Shoals:2 | Noticed urish's ghost (powerful DsSu)
 89160 | Shoals:2 | Defeated urish's ghost
 89628 | Shoals:2 | Noticed Polyphemus
 89633 | Shoals:2 | Defeated Polyphemus
 90308 | Shoals:2 | You fall through a shaft!
 90787 | Shoals:4 | Noticed Donald
 90794 | Shoals:4 | Defeated Donald
 91430 | Shoals:5 | Entered Level 5 of the Shoals
 91638 | Shoals:5 | Noticed Wiglaf
 91645 | Shoals:5 | Defeated Wiglaf
 91783 | Shoals:5 | Got an inconspicuous book
 91784 | Shoals:5 | Identified the Almanac of Transmutation (You found it on level 5 of the Shoals)
 92191 | Shoals:5 | Noticed Ilsuiw
 92223 | Shoals:5 | Defeated Ilsuiw
 92399 | Shoals:5 | Got a barnacled rune of Zot
 93078 | Shoals:5 | Got a wavering turquoise ring
 93506 | Shoals:3 | Identified the ring of Frutoh {Dex+4 Int+2} (You found it on level 5 of the Shoals)
 94374 | Vault:1  | Entered Level 1 of the Vaults
 99139 | Vault:3  | Gained mutation: You are completely covered in yellow scales (AC +3, rAcid++).
 99139 | Vault:3  | Reached XP level 23. HP: 182/182 MP: 23/41
 99154 | Vault:3  | Learned a level 6 spell: Haste
100027 | Vault:3  | Found a staircase to the Crypt.
100704 | Vault:4  | Gained mutation: You can breathe flames.
100704 | Vault:4  | Gained mutation: You have a beak for a mouth.
100704 | Vault:4  | Gained mutation: You have a fast metabolism.
100979 | D:22     | Lost mutation: You have a fast metabolism.
100979 | D:22     | Lost mutation: You can breathe flames.
100979 | D:22     | Lost mutation: You have a beak for a mouth.
101419 | Vault:4  | Noticed Mennas
102676 | Vault:4  | Found a staircase to the Hall of Blades.
104554 | Vault:5  | Noticed Xtahua
104569 | Vault:5  | Defeated Xtahua
106791 | Vault:6  | Noticed Frederick
106797 | Vault:6  | Defeated Frederick
106797 | Vault:6  | Reached skill level 19 in Poison Magic
108976 | Vault:7  | Gained mutation: You are quite resistant to negative energy.
108976 | Vault:7  | Reached XP level 24. HP: 185/194 MP: 43/43
109332 | Vault:8  | Entered Level 8 of the Vaults
111387 | Vault:8  | A deep troll changed into a shining eye
111396 | Vault:8  | A shining eye changed into a merfolk
111651 | Vault:8  | Reached skill level 1 in Armour
112139 | Vault:8  | Noticed an orc warlord
112414 | Vault:8  | Defeated an orc warlord
113112 | Vault:8  | Gained mutation: You are immune to negative energy.
113112 | Vault:8  | Reached XP level 25. HP: 173/201 MP: 32/43
113905 | Vault:8  | Got a conspicuous book
113906 | Vault:8  | Identified the Volume of Harmful Flight (You found it on level 8 of the Vaults)
114183 | Vault:8  | Found Stomaluf's Armour Boutique.
114284 | Vault:8  | Bought a +2 robe of the Archmagi for 499 gold pieces
114543 | Vault:8  | Got a blue mask
114547 | Vault:8  | Identified the +0 mask of the Dragon (You found it on level 8 of the Vaults)
114562 | Vault:8  | Got a shimmering granite ring
114563 | Vault:8  | Identified the ring of Starshine (You found it on level 8 of the Vaults)
114576 | Vault:8  | Got an engraved book
114577 | Vault:8  | Identified the Collected Works on the Oath (You found it on level 8 of the Vaults)
114580 | Vault:8  | Got a silver rune of Zot
115025 | Orc:4    | Bought an uncursed amulet of resist mutation for 560 gold pieces
115291 | Slime:1  | Entered Level 1 of the Pits of Slime
116278 | Slime:2  | Reached skill level 10 in Dodging
118174 | Slime:6  | Entered Level 6 of the Pits of Slime
118707 | Slime:6  | Reached skill level 20 in Poison Magic
118932 | Slime:6  | Found a viscous altar of Jiyva.
118934 | Slime:6  | Noticed the royal jelly
118950 | Slime:6  | Reached XP level 26. HP: 212/212 MP: 27/44
120618 | Slime:6  | Defeated the royal jelly
120644 | Slime:6  | Got a vibrating iron ring
120647 | Slime:6  | Got a fine golden ring
120688 | Slime:6  | Got a black book
120689 | Slime:6  | Identified the Volume of Transmutation (You found it on level 6 of the Pits of Slime)
120700 | Slime:6  | Got a shimmering jade amulet
120795 | Slime:6  | Got a slimy rune of Zot
121233 | Snake:4  | Bought a scroll of identify for 86 gold pieces
121233 | Snake:4  | Bought a scroll of identify for 86 gold pieces
121235 | Snake:4  | Identified the ring of Xom's Bemusement (You found it on level 6 of the Pits of Slime)
121241 | Snake:4  | Identified the ring of the Ancient Curses (You found it on level 6 of the Pits of Slime)
121299 | Snake:4  | Bought a scroll of identify for 52 gold pieces
121300 | Snake:4  | Identified the amulet "Scheun" (You found it on level 6 of the Pits of Slime)
122025 | D:27     | Got a smoking spiked flail
122026 | D:27     | Identified the spiked flail of Xonguoc {venom, Dex+2 Int+3} (You found it on level 27 of the Dungeon)
122166 | D:25     | Bought a scroll of identify for 40 gold pieces
122321 | Hell     | Entered the Vestibule of Hell
122321 | Hell     | Noticed Geryon
122328 | Hell     | Defeated Geryon
124367 | Orc:4    | Bought a scroll of identify for 28 gold pieces
124819 | Coc:1    | Entered Level 1 of Cocytus
125451 | Coc:2    | You fall through a shaft!
128578 | Coc:7    | Entered Level 7 of Cocytus
129508 | Slime:6  | Learned a level 6 spell: Bolt of Fire
130156 | Zot:1    | Entered Level 1 of the Realm of Zot
131045 | Zot:1    | Reached skill level 1 in Fire Magic
131282 | Zot:1    | Reached XP level 27. HP: 220/220 MP: 45/45
132216 | Zot:2    | Reached skill level 15 in Shields
132813 | Zot:2    | Got a wavering granite ring
133416 | Zot:3    | Identified the ring of Zin's Righteous Fury (You found it on level 2 of the Realm of Zot)
135679 | Zot:3    | Reached skill level 5 in Fire Magic
136949 | Zot:5    | Entered Level 5 of the Realm of Zot
137867 | Zot:5    | Noticed an ancient lich
137876 | Zot:5    | Defeated an ancient lich
138047 | Zot:5    | Reached skill level 15 in Dodging
138271 | Zot:5    | Noticed an orb of fire
138296 | Zot:5    | Defeated an orb of fire
138360 | Zot:5    | Noticed an orb of fire
138381 | Zot:5    | Defeated an orb of fire
139254 | Zot:5    | Noticed an orb of fire
139282 | Zot:5    | Noticed an orb of fire
139287 | Zot:5    | Noticed an orb of fire
139288 | Zot:5    | Noticed an orb of fire
139526 | Zot:5    | Gained mutation: Armour fits poorly on your unusually shaped body.
139544 | Zot:5    | Defeated an orb of fire
139562 | Zot:5    | Defeated an orb of fire
139710 | Zot:5    | Defeated an orb of fire
139855 | Zot:5    | Got the Orb of Zot
139887 | Zot:5    | Noticed Ymniq the pandemonium lord
140274 | D:15     | Noticed Fibumaguch the pandemonium lord
140282 | D:15     | Defeated Fibumaguch the pandemonium lord
140441 | D:9      | Noticed Zaulad the pandemonium lord
140446 | D:9      | Defeated Zaulad the pandemonium lord
140629 | D:$      | Escaped with the Orb!
